 Dungeon Crawl Stone Soup version 0.19-a0-922-gae50766 (webtiles) character file.

8790 Arkorax the Fighter (level 11, -16/95 HPs)
             Began as a Formicid Fighter on July 6, 2016.
             Was a Follower of Uskayaw.
             Killed from afar by Harold (28 damage)
             ... with a bolt of fire
             ... on level 11 of the Dungeon.
             The game lasted 00:11:25 (9580 turns).

Arkorax the Fighter (Formicid Fighter)              Turns: 9580, Time: 00:11:26

Health: -16/95     AC: 15    Str: 22    XL:     11   Next: 62%
Magic:  11/11      EV:  4    Int:  9    God:    Uskayaw [*.....]
Gold:   544        SH: 17    Dex: 11    Spells: 0 memorised, 10 levels left

rFire  . . .     SeeInvis +     F - +8 trident of Durchawim {speed, +Inv rC+}
rCold  + . .     Gourm    .     S - +1 plate armour
rNeg   . . .     Faith    .     N - +0 large shield
rPois  .         Spirit   .     (helmet unavailable)
rElec  .         Dismiss  .     g - +0 cloak
rCorr  .         Reflect  .     k - +0 pair of gloves
SustAt .         Harm     .     y - +0 pair of boots
MR     +....                    (no amulet)
Stlth  ..........               (no ring)
                                (no ring)

@: somewhat resistant to hostile enchantments, extremely unstealthy
A: permanent stasis, dig shafts and tunnels, four strong arms, antennae 3
a: Dig, Shaft Self, Stomp, Renounce Religion, Evoke Invisibility


You were on level 11 of the Dungeon.
You worshipped Uskayaw.
Uskayaw was aware of your devotion.
You were not hungry.

You visited 1 branch of the dungeon, and saw 11 of its levels.
You also visited: Bailey.

You collected 664 gold pieces.
You spent 120 gold pieces at shops.

Inventory:

Hand Weapons
 b - a +8 antimagic glaive
 F - the +8 trident of Durchawim (weapon) {speed, +Inv rC+}
   (You found it on level 5 of the Dungeon)

   Attacks with this weapon are significantly faster.
   It protects you from cold.
   It lets you turn invisible.
 O - a +1 halberd of freezing
Missiles
 w - 307 stones (quivered)
Armour
 g - a +0 cloak (worn)
 k - a +0 pair of gloves (worn)
 y - a +0 pair of boots (worn)
 D - a +1 leather armour of fire resistance
 N - a +0 large shield (worn)
 S - a +1 plate armour (worn)
Jewellery
 U - a cursed ring of teleportation {unknown}
Wands
 c - a wand of flame (11/48)
 f - a wand of confusion (48/48)
 o - a wand of lightning (12/15)
 v - a wand of enslavement (7/24)
 H - a wand of paralysis (13/24)
 K - a wand of slowing (26/48)
Scrolls
 a - a scroll of summoning
 d - a scroll of fear
 e - 3 scrolls of identify
 l - 2 scrolls of random uselessness
 m - 7 scrolls of remove curse
 s - a scroll of amnesia
 t - 3 scrolls of teleportation
 u - 5 scrolls of recharging
 x - a scroll of blinking
 C - 4 scrolls of magic mapping
 M - a scroll of fog
Potions
 h - 2 potions of heal wounds {unknown}
 i - a potion of brilliance {unknown}
 n - 2 potions of cancellation {unknown}
 p - 4 potions of lignification {unknown}
 q - 6 potions of curing
 r - 2 potions of haste {unknown}
 z - a potion of might
 A - 2 potions of ambrosia {unknown}
 P - a potion of cure mutation {unknown}
 Q - 4 potions of degeneration {unknown}
Books
 I - a book of the Dragon

   Spells                             Type                      Level
   a - Flame Tongue                   Conjuration/Fire             1
   b - Cause Fear                     Hexes                        4
   c - Bolt of Fire                   Conjuration/Fire             6
   d - Dragon Form                    Transmutation                7
   e - Dragon's Call                  Summoning                    9
 L - a book of Summonings

   Spells                             Type                      Level
   a - Recall                         Summoning/Translocation      3
   b - Aura of Abjuration             Summoning                    5
   c - Summon Demon                   Summoning                    5
   d - Summon Forest                  Summoning/Translocation      5
   e - Summon Mana Viper              Hexes/Summoning              5
   f - Shadow Creatures               Summoning                    6
 R - a book of Battle

   Spells                             Type                      Level
   a - Infusion                       Charms                       1
   b - Shroud of Golubria             Charms/Translocation         2
   c - Song of Slaying                Charms                       2
   d - Spectral Weapon                Hexes/Charms                 3
   e - Regeneration                   Charms/Necromancy            3
 T - a book of Callings

   Spells                             Type                      Level
   a - Summon Small Mammal            Summoning                    1
   b - Call Imp                       Summoning                    2
   c - Call Canine Familiar           Summoning                    3
   d - Summon Guardian Golem          Hexes/Summoning              3
   e - Summon Lightning Spire         Summoning/Air                4
   f - Summon Ice Beast               Ice/Summoning                4
Comestibles
 j - a royal jelly
 B - 4 meat rations
 E - 4 bread rations
 G - 4 beef jerkies
 J - 32 fruits
 V - 7 chunks of flesh


   Skills:
 * Level 12.1 Fighting
 * Level 11.2 Polearms
 - Level 3.2 Armour
 + Level 10.0 Shields


You had 10 spell levels left.
You didn't know any spells.

Dungeon Overview and Level Annotations

Branches:
Dungeon (11/15)            Temple (0/1) D:5            Lair (0/6) D:11
    Orc (0/2) D:9

Altars:
Cheibriados
Dithmenos
Elyvilon
Makhleb
Ru
Trog
Uskayaw

Shops:
D:5 =   D:6 %   D:10 ?

Annotations:
D:11 Harold


Innate Abilities, Weirdness & Mutations

You are under a permanent stasis effect.
You can dig through walls and to a lower floor.
Your four strong arms can wield two-handed weapons with a shield.
You have a pair of large antennae on your head. (SInv)


Message History

Unknown command.
You are too injured to fight recklessly!
You are too injured to fight recklessly!
Unknown command.
You are too injured to fight recklessly!
Unknown command.
You are too injured to fight recklessly!
Unknown command.
You are too injured to fight recklessly!
Unknown command.
You are too injured to fight recklessly!
Unknown command.
You are too injured to fight recklessly!
Unknown command.
Unknown command.
You feel better.
Harold says, "Bounty hunting has been great, but I can't wait to retire."
Harold casts a spell at you. The bolt of fire hits you!
You die...

######### ###.......###
###...........##
##....(.........###
####....(............#
#....o...............#
#....o@..............#
#(....)...............#
#..[..................#
#...............)....##
..#@.........)))...###
. ###.........)..###
##.........###
###....#..##
#######..###


You could see Harold, an orc priest and an orc.

Vanquished Creatures
  Erica (D:8)
  The ghost of Etesian the Grappler, a novice DrFi of Okawaru (D:10)
  2 hill giants
  A cyclops (D:11)
  Psyche (D:8)
  Grinder (D:4)
  Eustachio (D:4)
  A hippogriff (D:9)
  A hungry ghost (D:9)
  2 water moccasins
  A wasp (D:8)
  3 phantoms
  6 orc warriors
  2 sky beasts
  2 ogres
  3 ice beasts
  5 centaurs
  Blork the orc (D:5)
  2 big kobolds
  5 giant frogs
  A water moccasin skeleton (D:8)
  3 scorpions
  7 killer bees (D:9)
  12 wights
  A howler monkey (D:5)
  4 hounds
  9 crimson imps
  5 jellies
  Crazy Yiuf (D:4)
  4 orc priests
  8 orc wizards
  2 giant frog skeletons
  A gnoll shaman (D:4)
  An iguana (D:11)
  9 worker ants
  8 gnolls
  11 adders
  2 shadow imps
  An ooze (D:5)
  3 adder skeletons
  5 worms
  A dart slug (D:2)
  4 giant geckos
  42 orcs
  7 giant cockroaches
  5 goblins
  6 hobgoblins
  7 jackals
  30 kobolds
  4 quokkas
  A ball python (D:1)
  6 bats
  A giant cockroach zombie (D:5)
  A giant gecko skeleton (D:5)
  A giant gecko zombie (D:8)
  6 giant newts
  2 quokka skeletons (D:7)
  4 rats
268 creatures vanquished.

Vanquished Creatures (others)
  An orc (D:11)
1 creature vanquished.

Grand Total: 269 creatures vanquished

Notes
Turn   | Place    | Note
-------+----------+-------------------------------------------
     0 | D:1      | Arkorax the Formicid Fighter began the quest for the Orb.
     0 | D:1      | Reached XP level 1. HP: 18/18 MP: 1/1
   165 | D:1      | Reached XP level 2. HP: 20/24 MP: 2/2
   501 | D:2      | Found a bloodstained altar of Trog.
   562 | D:2      | Reached XP level 3. HP: 30/30 MP: 3/3
  1157 | D:2      | Reached skill level 4 in Fighting
  1440 | D:3      | Reached XP level 4. HP: 36/37 MP: 4/4
  1976 | D:3      | Reached XP level 5. HP: 15/43 MP: 5/5
  2261 | D:3      | Found a hide-covered altar of Uskayaw.
  2269 | D:3      | Became a worshipper of Uskayaw the Reveler
  2379 | D:3      | Reached * piety under Uskayaw
  2762 | D:3      | Reached ** piety under Uskayaw
  2770 | D:3      | Found a sacrificial altar of Ru.
  3146 | D:4      | Reached skill level 5 in Fighting
  3209 | D:4      | Reached XP level 6. HP: 40/51 MP: 6/6
  3214 | D:4      | Noticed Grinder
  3498 | D:4      | Reached *** piety under Uskayaw
  3500 | D:4      | Reached **** piety under Uskayaw
  3502 | D:4      | Killed Grinder
  3502 | D:4      | Reached skill level 5 in Shields
  3502 | D:4      | Reached XP level 7. HP: 46/57 MP: 7/7
  3504 | D:4      | Reached skill level 6 in Fighting
  3504 | D:4      | Reached ***** piety under Uskayaw
  3563 | D:4      | Found a snail-covered altar of Cheibriados.
  3567 | D:4      | Reached skill level 5 in Polearms
  3836 | D:4      | Noticed Eustachio
  3890 | D:4      | Killed Eustachio
  3890 | D:4      | Reached XP level 8. HP: 31/65 MP: 8/8
  4081 | D:4      | Found a runed door.
  4235 | D:4      | Noticed Crazy Yiuf
  4238 | D:4      | Killed Crazy Yiuf
  4373 | D:5      | Entered Level 5 of the Dungeon
  4383 | D:5      | Reached skill level 7 in Fighting
  4411 | D:5      | Found Ommoh's Jewellery Shoppe.
  4652 | D:5      | Got a dazzling trident
  4653 | D:5      | Identified the +8 trident of Durchawim {speed, +Inv rC+} (You found it on level 5 of the Dungeon)
  4667 | D:5      | Found a staircase to the Ecumenical Temple.
  4796 | D:5      | Noticed Blork the orc
  4803 | D:5      | Killed Blork the orc
  4803 | D:5      | Reached skill level 8 in Fighting
  5026 | D:6      | Reached XP level 9. HP: 71/74 MP: 9/9
  5114 | D:6      | Found Aptadim's Food Shoppe.
  5169 | D:6      | Found a burning altar of Makhleb.
  5386 | D:6      | Reached skill level 9 in Fighting
  5459 | D:6      | Found a shadowy altar of Dithmenos.
  6014 | D:7      | Noticed a hill giant
  6022 | D:7      | Killed a hill giant
  6022 | D:7      | Reached XP level 10. HP: 64/85 MP: 10/10
  6343 | D:8      | Reached skill level 10 in Fighting
  6525 | D:8      | Noticed Erica
  6540 | D:8      | Killed Erica
  6730 | D:8      | Noticed Psyche
  6737 | D:8      | Killed Psyche
  6798 | D:8      | Found a white marble altar of Elyvilon.
  7189 | D:9      | Reached skill level 11 in Fighting
  7189 | D:9      | Reached skill level 10 in Polearms
  7300 | D:9      | Found a flagged portal.
  7303 | D:9      | Found a staircase to the Orcish Mines.
  7310 | Bailey   | Entered a bailey
  7340 | Bailey   | Reached XP level 11. HP: 61/93 MP: 11/11
  8411 | D:10     | Entered Level 10 of the Dungeon
  8430 | D:10     | Noticed Etesian's ghost (novice DrFi)
  8449 | D:10     | Killed Etesian's ghost
  8607 | D:10     | Noticed a hill giant
  8618 | D:10     | Killed a hill giant
  8619 | D:10     | Found Giuwag's Magic Scroll Boutique.
  8622 | D:10     | Reached skill level 12 in Fighting
  8632 | D:10     | Bought a scroll of enchant weapon for 120 gold pieces
  9421 | D:11     | Found a staircase to the Lair.
  9423 | D:11     | Noticed a cyclops
  9440 | D:11     | Killed a cyclops
  9440 | D:11     | Reached skill level 10 in Shields
  9573 | D:11     | Noticed Harold
  9580 | D:11     | Killed from afar by Harold

Vault maps used:
D:1:      roderic_chinese_lattice_arrival
D:2:      old_standard_altar, kennysheep_cross_room
D:3:      overflow_temple_1_default, nicolae_overflow_crystal_walls,
          kennysheep_generic_room_15
D:4:      kennysheep_little_box, first_bread, hangedman_minor_gate_pass,
          uniq_grinder, uniq_crazy_yiuf_cottage, uniq_eustachio
D:5:      serial_shops, shop, uniq_blork_the_orc
D:6:      grunt_dithmenos_shadows, serial_shops, shop_statue,
          makhleb_heckhound_becter
D:8:      lemuel_coloured_pillars_altar, uniq_psyche, uniq_erica
D:9:      orc_0_dummy, enter_bailey_2, blue_anna_alchemist, eino_jars
D:10:     serial_shops, shop
D:11:     lair_0_dummy, hangedman_abyss_or_decor_passed, uniq_harold
Bailey:   bailey_axe_1, bailey

Skill      XL: |  1  2  3  4  5  6  7  8  9 10 11 |
---------------+----------------------------------+-----
Fighting       | 4 5 6 8 9 11 12 | 12.1
Shields        | 4 5 6 7 9 10 | 10.0
Polearms       | 3 4 5 6 8 10 11 | 11.2
Armour         | |  3.2

Action                   |  1- 3 |  4- 6 |  7- 9 | 10-12 || total
-------------------------+-------+-------+-------+-------++-------
Melee: Trident           |   109 |   190 |   239 |   395 ||   933
       Quarterstaff      |       |       |    27 |       ||    27
       Halberd           |       |       |     2 |       ||     2
Throw: Stone             |       |       |     1 |       ||     1
 Abil: Dig               |       |       |     1 |     1 ||     2
  Use: Potion            |       |     1 |       |     4 ||     5
       Scroll            |       |       |     1 |    13 ||    14
 Stab: Sleeping          |     1 |       |       |       ||     1
       Paralysed         |       |     1 |    11 |    15 ||    27
  Eat: Chunk             |     1 |     3 |     1 |     3 ||     8
       Bread ration      |       |     1 |     1 |     2 ||     4
       Meat ration       |       |       |     1 |       ||     1
Armor: Scale mail        |    11 |    44 |    71 |    45 ||   171
       Leather armour    |    23 |    22 |       |       ||    45
       Plate armour      |       |       |       |    27 ||    27
Dodge: Dodged            |    40 |    75 |    37 |    52 ||   204
Block: Shield            |    45 |   110 |    87 |       ||   242
       Large shield      |       |       |       |   217 ||   217
